 Dungeon Crawl Stone Soup version 0.31-a0-875-g02e7d12df6 (webtiles) character file.

Game seed: 13658170167559132926

320568 xbox the Spry (level 20, -41/156 HPs)
             Began as a Felid Chaos Knight on Oct 12, 2023.
             Was the Champion of Jiyva.
             Killed from afar by Boris (44 damage)
             ... with an iron shot
             ... on level 4 of the Vaults.
             The game lasted 01:00:26 (40248 turns).

xbox the Spry (Felid Chaos Knight)                 Turns: 40248, Time: 01:00:26

Health: -41/156    AC: 28    Str: 10    XL:     20   Next: 24%
Magic:  33/33      EV: 43    Int: 26    God:    Jiyva [******]
Gold:   2205       SH:  0    Dex: 24    Spells: 18/36 levels left
                                        Lives:  0   Deaths: 6

rFire   . .          .
                       - Unarmed
rCold   . . .        (shield unavailable)
rNeg    + . .        (body armour unavailable)
rPois   ∞            (helmet unavailable)
rElec   +            (cloak unavailable)
rCorr   +            (gloves unavailable)
SInv    +            (boots unavailable)
Will    +++..        D - amulet of regeneration
Stlth   ++++++++     c - +5 ring of evasion
HPRegen 2.86/turn    N - ring of Ishann {*Slow Fly rCorr Str+6 SInv}
MPRegen 0.73/turn

%: slow self (1%)
@: statue-form, frozen, flying, studying Dodging, very slow
A: slow and powerful, torment resistance 1, boosted hp, very small, claws 1,
fangs 3, see invisible, (speed 1), (shaggy fur 3), stealthy paws, no weapons or
thrown items, no armour, multi-lived, antennae 1, agile 2, clever 2, robust 2,
wild magic 1, eyeballs 2, (gelatinous body 3), MP-powered wands
}: 3/15 runes: serpentine, barnacled, slimy
a: Begin Untransformation, Renounce Religion, Oozemancy, Slimify


You were on level 4 of the Vaults.
You worshipped Jiyva.
Jiyva was exalted by your worship.
You were a living statue of rough stone.
You visited 8 branches of the dungeon, and saw 40 of its levels.

You collected 2709 gold pieces.
You spent 504 gold pieces at shops.

Inventory:

Jewellery
 a - a +6 ring of intelligence
 c - a +5 ring of evasion (left paw)
 o - a +4 ring of slaying
 v - a +6 ring of strength
 y - a ring of ice
 z - an amulet of magic regeneration
 C - a ring of magical power
 D - an amulet of regeneration (around neck)
 E - a ring of fire
 F - a ring of poison resistance
 L - a +4 ring of protection
 N - the ring of Ishann (right paw) {*Slow Fly rCorr Str+6 SInv}
   (You found it on level 4 of the Shoals)

   [ring of flight]

   Str+6:     It affects your strength (+6).
   SInv:      It lets you see invisible.
   Fly:       It grants you flight.
   rCorr:     It protects you from acid and corrosion.
   *Slow:     It may slow you when you take damage.
 R - the ring "Loobuy" {Wiz Int+2 Dex+4}
   (You found it on level 5 of the Pits of Slime)

   [ring of wizardry]

   Wiz:       It improves your spell success rate.
   Int+2:     It affects your intelligence (+2).
   Dex+4:     It affects your dexterity (+4).
 S - the ring "Girr" {Drain +Blink MP+9 Str+6 Int-4}
   (You found it on level 5 of the Pits of Slime)

   [ring of magical power]

   Str+6:     It affects your strength (+6).
   Int-4:     It affects your intelligence (-4).
   MP+9:      It affects your magic capacity (+9).
   +Blink:    It lets you blink.
   Drain:     It drains your maximum health when unequipped.
Talismans
 k - a granite talisman (active)
Wands
 p - a wand of light (4)
 u - a wand of flame (23) (quivered)
 x - a wand of mindburst (2)
 A - a wand of iceblast (17)
 B - a wand of charming (19)
 G - a wand of digging (8)
 M - a wand of polymorph (2)
Scrolls
 e - 2 scrolls of poison
 g - 2 scrolls of silence
 l - 5 scrolls of revelation
 m - 6 scrolls of vulnerability
 n - 4 scrolls of amnesia
 s - 3 scrolls of fog
 t - 7 scrolls of identify
 I - 4 scrolls of torment
 J - a scroll of immolation
Potions
 b - 5 potions of attraction
 d - 8 potions of enlightenment
 f - 2 potions of mutation
 h - 4 potions of brilliance
 i - a potion of resistance
 j - 2 potions of magic
 r - 3 potions of lignification
 w - 3 potions of curing
 H - a potion of ambrosia
Miscellaneous
 K - a phantom mirror
 P - a sack of spiders
 Q - a phial of floods


   Skills:
 + Level 17.4 Fighting
 + Level 19.5 Dodging
 + Level 18.6 Stealth
 + Level 17.4 Unarmed Combat
 + Level 8.9 Spellcasting
 - Level 10.0 Translocations
 + Level 9.9 Evocations
 + Level 17.3 Shapeshifting


You had 18 spell levels left.
You knew the following spells:

 Your Spells              Type           Power      Damage    Failure   Level
a - Vhi's Electric Charg  Tloc/Air       96%        N/A       11%         4
b - Manifold Assault      Tloc           70%        N/A       1%          4
c - Dispersal             Tloc           35%        N/A       19%         6
k - Blink                 Tloc           100%       N/A       1%          2
w - Passwall              Tmut/Erth      12%        N/A       12%         2

Your spell library contained the following spells:

 Spells                   Type           Power      Damage    Failure   Level
 Apportation              Tloc           100%       N/A       1%          1
 Lesser Beckoning         Tloc           100%       N/A       1%          2
 Gell's Gravitas          Tloc           70%        N/A       1%          3
 Teleport Other           Tloc           70%        N/A       1%          3
 Passage of Golubria      Tloc           70%        N/A       1%          4
 Momentum Strike          Conj/Tloc      96%        3d10      2%          2
 Foxfire                  Conj/Fire      60%        2x1d7     9%          1
 Magic Dart               Conj           60%        1d6       9%          1
 Necrotise                Necr           60%        1d7       9%          1
 Shock                    Conj/Air       60%        1d6       9%          1
 Sting                    Tmut/Pois      60%        1d6       9%          1
 Summon Small Mammal      Summ           60%        N/A       9%          1
 Ensorcelled Hibernation  Hex/Ice        30%        N/A       12%         2
 Jinxbite                 Hex            30%        N/A       12%         2
 Poisonous Vapours        Pois/Air       30%        N/A       12%         2
 Scorch                   Fire           30%        2d6       12%         2
 Searing Ray              Conj           30%        2d5       12%         2
 Hailstorm                Conj/Ice       15%        3d5       22%         3
 Inner Flame              Hex/Fire       15%        N/A       22%         3
 Mephitic Cloud           Conj/Pois/Air  15%        N/A       22%         3
 Stone Arrow              Conj/Erth      30%        3d8       22%         3
 Swiftness                Air            15%        N/A       22%         3
 Tukima's Dance           Hex            15%        N/A       22%         3
 Airstrike                Air            7%         2d(2-18)  54%         4
 Brom's Barrelling Bould  Conj/Erth      15%        2d4       54%         4
 Cause Fear               Hex            7%         N/A       54%         4
 Flame Wave               Conj/Fire      15%        2d7       54%         4
 Fulminant Prism          Conj/Hex       7%         3d6       54%         4
 Leda's Liquefaction      Hex/Erth       7%         N/A       54%         4
 Olgreb's Toxic Radiance  Pois           15%        N/A       54%         4
 Petrify                  Tmut/Erth      15%        N/A       54%         4
 Sticky Flame             Conj/Fire      15%        2d4       54%         4
 Summon Ice Beast         Ice/Summ       15%        N/A       54%         4
 Summon Lightning Spire   Summ/Air       15%        N/A       54%         4
 Alistair's Intoxication  Tmut/Pois      10%        N/A       87%         5
 Arcjolt                  Conj/Air       7%         1d17      87%         5
 Borgnjor's Vile Clutch   Necr/Erth      7%         N/A       87%         5
 Fireball                 Conj/Fire      7%         3d5       87%         5
 Iskenderun's Battlesphe  Conj           15%        2d7       87%         5
 Lee's Rapid Deconstruct  Erth           7%         3d7*      87%         5
 Summon Mana Viper        Hex/Summ       15%        N/A       87%         5
 Yara's Violent Unravell  Hex/Tmut       7%         3d5       87%         5
 Bombard                  Conj/Erth      7%         9d2       100%        6
 Eringya's Noxious Bog    Tmut/Pois      7%         4d6       100%        6
 Plasma Beam              Fire/Air       7%         2x1d18    100%        6
 Simulacrum               Ice/Necr       7%         N/A       100%        6
 Starburst                Conj/Fire      7%         6d4       100%        6
 Summon Cactus Giant      Summ           7%         N/A       100%        6
 Haunt                    Necr/Summ      7%         N/A       100%        7
 Monstrous Menagerie      Summ           7%         N/A       100%        7
 Ozocubu's Refrigeration  Ice            7%         4d9       100%        7
 Spellforged Servitor     Conj/Summ      7%         N/A       100%        7
 Disjunction              Tloc           35%        N/A       100%        8
 Lehudib's Crystal Spear  Conj/Erth      7%         10d3      100%        8
 Chain Lightning          Conj/Air       7%         3d10      100%        9
 Dragon's Call            Summ           7%         N/A       100%        9
 Polar Vortex             Ice            7%         12d1*     100%        9
 Shatter                  Erth           7%         3d10*     100%        9
 Animate Armour           Summ/Erth      Unusable   N/A       N/A         4

Dungeon Overview and Level Annotations

Branches:
Dungeon (15/15)            Temple (1/1) D:4            Lair (5/5) D:11
 Shoals (4/4) Lair:3        Snake (4/4) Lair:2        Slime (5/5) Lair:5
    Orc (2/2) D:9             Elf (0/3) Orc:2        Vaults (4/5) D:14
  Crypt (0/3) Vaults:2     Depths (0/4) D:15

Altars:
Ashenzari
Cheibriados
Dithmenos
Elyvilon
Fedhas
Gozag
Hepliaklqana
Kikubaaqudgha
Makhleb
Nemelex Xobeh
Okawaru
Qazlal
Ru
Sif Muna
Trog
Uskayaw
Vehumet
Wu Jian
Xom
Yredelemnul
Zin
The Shining One
Jiyva
Lugonu

Shops:
D:12 (   Orc:2 [:[(   Shoals:1 (   Shoals:3 !   Shoals:4 :   Vaults:1 ?
Vaults:2 [

Portals:
Abyss: D:3 Lair:5
Trove: Vaults:1 (give horn of Geryon)

Annotations:
D:6 1 runed translucent door, Kurtz's ghost, novice NaDe
D:11 3 runed translucent doors, pokeman's ghost, journeyman DEHW
Lair:1 exclusion: ice statue
Shoals:4 3 runed translucent doors, Pooter's ghost, adept MiBe
Slime:5 Royal Jelly
Vaults:4 Boris; Donald; Jory; Sojobo


Innate Abilities, Weirdness & Mutations

You are a living statue of rough stone.
Your actions are slow, but your melee attacks are powerful.
You are resistant to unholy torment.
Your maximum health is greatly increased.
You are immune to poison.
You have sharp claws.
You have razor-sharp teeth.
You have supernaturally acute eyesight. (SInv)
((You cover ground quickly. (Speed+)))
((Your thick and shaggy fur keeps you warm. (AC +3, rC+)))
Your paws help you pounce on unaware monsters.
You are incapable of wielding weapons or throwing items.
You cannot wear armour.
You gain extra lives every three experience levels.
You have a pair of small antennae on your head.
You are very agile. (Dex +8, Str/Int -2)
Your mind is very acute. (Int +8, Str/Dex -2)
You are very robust. (+20% HP)
Your spells are a little harder to cast, but a little more powerful.
Your body has grown many eyes which may confuse attackers. (Acc +5)
((Your gelatinous body deflects attacks. (AC +3, EV +3)))
You expend magic power (3 MP) to strengthen your wands.


Message History

The wizard flickers and vanishes for a moment.
You eviscerate the peacekeeper!!!
You destroy the peacekeeper!
Donald hits you from afar with a +4 demon trident of flaming.
* * * LOW HITPOINT WARNING * * *
Donald burns you.
* * * LOW HITPOINT WARNING * * *
Donald says, "You must hate doors a lot."
Donald completely misses you.
You barely miss Boris. Your claw misses Boris.
Boris is lightly damaged.
Boris hits you.
* * * LOW HITPOINT WARNING * * *
Boris touches you but does no damage. Donald misses you.
Unknown command.
You mangle Boris!! You claw Boris.
Boris is moderately damaged.
Donald hits you from afar with a +4 demon trident of flaming!!
* * * LOW HITPOINT WARNING * * *
Donald burns you!
* * * LOW HITPOINT WARNING * * *
Boris says, "I didn't invite you."
Boris points at you and mumbles some strange words.
The bolt of cold misses you.
Donald hits you from afar with a +4 demon trident of flaming.
* * * LOW HITPOINT WARNING * * *
Donald burns you.
* * * LOW HITPOINT WARNING * * *
You feel better.
The sentinel's mark upon you fades away.
A war gargoyle comes into view. It is wielding a +0 lajatang.
Donald completely misses you.
The ironbound frostheart calls freezing cold from the walls.
The frost grips you!!
* * * LOW HITPOINT WARNING * * *
You are encased in ice.
Boris points at you and mumbles some strange words.
The iron shot hits you!!!
You die...
Boris says, "I'd like to see you come back from this one."

#..........#
####.#######
#......#
#......#
#).....#
####
#......#
##..##
#......#
#...^#
#......#
#..[.#
##8#####
#####..##
##L#o#
##.....##
#Y@Q{##
#.....##
##Q#Y#.#
..<..##
#...Vp.##
....##
##.#.#p#L#
#####
#.....p..##
.#
#.#..#9p#Y#
.#
#...Q....p#


You could see Jory, Boris (invisible), Sojobo (repels missiles), 2 dire
elephants, a tengu reaver, Donald (fast, strong, reflecting), 2 ironbound
frosthearts, a war gargoyle, an ironbound convoker and a wizard.

Vanquished Creatures
  Mara (Shoals:4)
  Saint Roka (Vaults:1)
  A lich (Vaults:2)
  Jorgrun (Snake:2)
  A quicksilver dragon (Snake:4)
  Polyphemus (Shoals:2)
  3 sphinxes
  Agnes (Snake:3)
  Ilsuiw (Shoals:2)
  2 nagarajas
  Aizul (Snake:2)
  A deep elf sorcerer (Shoals:3)
  13 vault wardens
  3 orc warlords
  16 ironbound preservers
  A very ugly thing (Vaults:2)
  A formless jellyfish (Lair:1)
  Nessos (Lair:3)
  2 ironbound thunderhulks
  A deep elf demonologist (Shoals:3)
  2 elemental wellsprings (Shoals:3)
  9 dire elephants
  Azrael (D:13)
  Snorg (D:14)
  A deep elf death mage (Shoals:3)
  6 merfolk javelineers
  2 crystal guardians (Vaults:1)
  A great orb of eyes (D:12)
  4 merfolk impalers
  5 yaktaur captains
  3 salamander tyrants
  Erolcha (Orc:2)
  2 peacekeepers
  6 catoblepae
  6 centaur warriors
  5 hydras
  8 vault guards
  8 ironbound frosthearts
  7 merfolk avatars
  3 ogre magi
  10 anacondas
  4 satyrs
  7 merfolk aquamancers (Shoals:4)
  5 boulder beetles
  16 two-headed ogres
  7 death yaks
  8 naga sharpshooters
  13 naga warriors
  4 thrashing horrors (Lair:5)
  2 tengu warriors
  7 shock serpents
  Nergalle (D:12)
  Urug (Lair:3)
  A deep troll earth mage (D:15)
  6 sun demons (Shoals:2)
  5 deep elf knights (Shoals:3)
  2 salamander mystics
  5 skeletal warriors
  3 skysharks
  A sun moth (Shoals:2)
  5 sea snakes
  Lodul (D:14)
  34 deep trolls
  A bog body (Lair:1)
  3 wizards
  3 deep elf archers
  23 harpies
  3 lindwurms
  4 naga ritualists
  10 orc knights
  8 ironbound convokers
  3 deep elf zephyrmancers (Shoals:3)
  7 deep elf pyromancers
  2 harpies (shapeshifter)
  7 mana vipers
  2 orc sorcerers
  6 cyclopes
  20 ugly things
  A wolf spider (D:15)
  32 fauns
  14 salamanders
  5 elephants (Lair:3)
  A faun (shapeshifter) (Lair:5)
  A large abomination (Lair:5)
  12 naga magi
  15 manticores
  11 guardian serpents
  15 vault sentinels
  17 merfolk sirens
  A torpor snail (Lair:4)
  2 smoke demons (Lair:5)
  10 water nymphs
  12 cane toads
  30 black mambas
  3 unseen horrors (D:11)
  2 gargoyles (D:14)
  An unseen horror (shapeshifter) (D:15)
  3 centaur skeletons (D:14)
  3 rime drakes
  35 yaktaurs
  A freezing wraith (Vaults:1)
  An ice devil (Lair:1)
  7 komodo dragons
  3 tengu conjurers
  An efreet (D:13)
  A guardian mummy (Vaults:1)
  25 merfolk
  4 polar bears
  A troll (shapeshifter) (D:15)
  3 meliai (D:14)
  13 trolls
  A raiju (Lair:5)
  4 dream sheep (Shoals:4)
  6 snapping turtles
  10 blink frogs (Lair:5)
  7 wind drakes
  A vampire (D:12)
  A dire elephant simulacrum (Lair:1)
  A jumping spider (Lair:1)
  4 ynoxinuls (Lair:5)
  A shadow (D:12)
  A wraith (D:13)
  9 wyverns
  35 yaks
  A hog (shapeshifter) (D:15)
  13 water elementals
  A fire elemental (D:13)
  A chaos spawn (Lair:5)
  2 humans (D:12)
  A steam dragon (Lair:5)
  10 basilisks
  A death yak simulacrum (Lair:1)
  The ghost of Dordric the Magician, an amateur DjWr (D:3)
  10 vampire mosquitoes
  2 wargs
  8 small abominations
  42 nagas
  3 acid dragons
  12 water moccasins
  5 hell hounds (D:13)
  2 swamp drakes (Lair:5)
  3 black bears
  An ice beast (D:5)
  A sky beast (D:7)
  30 orc warriors
  24 ogres
  2 boggarts
  5 centaurs
  3 wolves (Lair:5)
  7 kobold brigands
  14 bullfrogs
  A two-headed ogre simulacrum (Lair:1)
  5 scorpions
  A cane toad simulacrum (Lair:1)
  8 wights
  11 killer bees (D:7)
  A howler monkey (D:6)
  4 hounds
  16 orc priests
  2 jellies
  2 sleepcaps
  3 gnoll boudas
  3 iguanas
  14 orc wizards
  A boggart skeleton (D:14)
  A troll simulacrum (Lair:1)
  21 gnolls
  12 adders
  A river rat (D:4)
  A shadow imp (D:3)
  3 white imps
  3 dart slugs
  4 worms
  58 orcs
  5 bats
  8 endoplasms
  5 giant cockroaches
  9 hobgoblins
  6 jackals
  29 kobolds
  3 quokkas
  5 ball pythons
  4 frilled lizards
  6 goblins
  8 rats
1220 creatures vanquished.

Vanquished Creatures (collateral kills)
  A titan (Vaults:4)
  2 salamander tyrants (Snake:4)
  An anaconda (Snake:2)
  An orc high priest (D:12)
  A naga warrior (Snake:2)
  2 ironbound convokers
  An orc knight (D:12)
  Joseph (D:8)
  Psyche (D:9)
  A shadow (D:8)
  A naga (Snake:4)
  2 orc warriors (D:12)
  A bullfrog (D:9)
  4 wights (D:8)
  An orc priest (D:12)
  An orc wizard (D:12)
  3 orcs (D:8)
  5 kobolds (D:8)
30 creatures vanquished.

Vanquished Creatures (others)
  A sphinx (Vaults:3)
  A formless jellyfish (Shoals:4)
  A merfolk impaler (Shoals:3)
  11 great orbs of eyes
  An ogre mage (D:14)
  A naga sharpshooter (Snake:3)
  A sea snake (Shoals:4)
  A wizard (Vaults:3)
  A deep troll (Vaults:2)
  A vault sentinel (Vaults:1)
  2 yaktaurs
  A rime drake (Lair:1)
  2 merfolk (Shoals:3)
  A meliai (shapeshifter) (D:15)
  A blink frog (Lair:5)
  A snapping turtle (Shoals:4)
  A wind drake (Shoals:4)
  16 slime creatures
  A naga (Snake:2)
  2 hell hounds (D:11)
  3 boggarts (Vaults:2)
  4 ogres
  186 jellies
  An orc priest (Orc:2)
  An orc wizard (Orc:2)
  A boggart simulacrum (D:15)
  4 orcs
248 creatures vanquished.

Grand Total: 1498 creatures vanquished

Notes
Turn   | Place    | Note
-------+----------+-------------------------------------------
     0 | D:1      | xbox the Felid Chaos Knight began the quest for the Orb.
     0 | D:1      | Reached XP level 1. HP: 10/10 MP: 2/2
    35 | D:1      | XOM: butterfly on damage
    36 | D:1      | Slain by a quokka
    67 | D:1      | XOM: smoke on damage
    90 | D:1      | XOM: butterfly on damage
    99 | D:1      | Reached XP level 2. HP: 11/14 MP: 3/3
   113 | D:1      | Reached skill level 1 in Stealth
   326 | D:1      | XOM: divination: magic mapping
   416 | D:1      | XOM: silly message
   544 | D:1      | XOM: silly message
   696 | D:1      | XOM: silly message
   727 | D:1      | Reached XP level 3. HP: 12/17 MP: 4/4
  1315 | D:2      | XOM: divination: detect creatures
  1333 | D:2      | XOM: silly message
  1410 | D:2      | Reached XP level 4. HP: 10/21 MP: 5/5
  1421 | D:2      | XOM: god gift: runed chain mail {god gift}
  1529 | D:2      | XOM: silly message
  1621 | D:3      | XOM: 1-stop teleportation journey
  1634 | D:3      | Found a transporter.
  1788 | D:3      | Reached skill level 4 in Dodging
  1863 | D:3      | XOM is BORED!
  1863 | D:3      | XOM: 6-stop teleportation journey
  1874 | D:3      | Found a one-way gate to the infinite horrors of the Abyss.
  1874 | D:3      | Noticed Dordric's ghost (amateur DjWr)
  2049 | D:3      | XOM: give mutations
  2049 | D:3      | Gained mutation: Your muscles are strong. (Str +4, Int/Dex
                  | -1) [Xom's grace]
  2049 | D:3      | Gained mutation: Your mind is acute. (Int +4, Str/Dex -1)
                  | [Xom's grace]
  2049 | D:3      | Gained mutation: You are somewhat resistant to further
                  | mutation. [Xom's grace]
  2049 | D:3      | Gained mutation: You are partially covered in iridescent
                  | scales. (AC +2) [Xom's grace]
  2381 | D:3      | Found a transporter.
  2386 | D:3      | Noticed a small abomination
  2391 | D:3      | Noticed a kobold brigand
  2480 | D:3      | XOM is BORED!
  2564 | D:3      | XOM: give mutations
  2564 | D:3      | Gained mutation: You expend magic power (3 MP) to
                  | strengthen your wands. [Xom's grace]
  2564 | D:3      | Gained mutation: You possess an exceptional clarity of
                  | mind. [Xom's grace]
  2564 | D:3      | Gained mutation: You are strong-willed. (Will+) [Xom's
                  | grace]
  2627 | D:4      | XOM: give mutation
  2627 | D:4      | Lost mutation: Your muscles are strong. (Str +4, Int/Dex
                  | -1) [Xom's mischief]
  2679 | D:4      | XOM: polymorph hobgoblin -> river rat
  2849 | D:4      | Found a staircase to the Ecumenical Temple.
  3154 | D:4      | Found a sparkling altar of Nemelex Xobeh.
  3214 | D:4      | XOM: silly message
  3264 | D:5      | Entered Level 5 of the Dungeon
  3302 | D:5      | Noticed an ogre
  3311 | D:5      | Killed an ogre
  3312 | D:5      | Reached XP level 5. HP: 25/25 MP: 6/6
  3372 | D:5      | Gained mutation: You are covered in thick fur. (AC +2)
                  | [Felid growth]
  3372 | D:5      | Reached XP level 6. HP: 22/28 MP: 7/7
  3444 | D:5      | Noticed an ice beast
  3444 | D:5      | XOM: 3-stop teleportation journey
  3463 | D:5      | Reached skill level 5 in Unarmed Combat
  3520 | D:5      | XOM: divination: magic mapping
  3524 | D:5      | Reached skill level 5 in Dodging
  3745 | D:5      | Reached XP level 7. HP: 33/33 MP: 8/8
  3784 | D:5      | XOM: confuse monster(s)
  3791 | D:5      | XOM: noise
  3796 | D:5      | XOM: give mutations
  3796 | D:5      | Lost mutation: You possess an exceptional clarity of mind.
                  | [Xom's mischief]
  3796 | D:5      | Gained mutation: You have a pair of small horns on your
                  | head. [Xom's mischief]
  3796 | D:5      | Lost mutation: You expend magic power (3 MP) to strengthen
                  | your wands. [Xom's mischief]
  4140 | D:5      | XOM: summons 2 hostile demons
  4158 | D:5      | Reached skill level 5 in Stealth
  4363 | D:6      | XOM: stealth player
  4383 | D:6      | Reached skill level 6 in Dodging
  4427 | D:5      | XOM: noise
  4518 | D:6      | Reached skill level 5 in Fighting
  4607 | D:6      | XOM: swap monsters
  4613 | D:6      | Reached XP level 8. HP: 37/37 MP: 9/9
  4621 | D:6      | HP: 1/34 [scorpion (4)]
  4622 | D:6      | XOM: confusion (+ monsters)
  4671 | D:5      | XOM: noise
  4675 | D:6      | XOM: god gift: 6 stones
  4888 | D:6      | XOM: give mutations
  4888 | D:6      | Gained mutation: You are resistant to electric shocks.
                  | (rElec) [Xom's grace]
  4888 | D:6      | Gained mutation: You are robust. (+10% HP) [Xom's grace]
  4888 | D:6      | Gained mutation: You are highly strong-willed. (Will++)
                  | [Xom's grace]
  4936 | D:6      | Found a sacrificial altar of Ru.
  4966 | D:6      | Reached skill level 7 in Dodging
  5015 | D:6      | XOM: enchant monster (bad)
  5137 | D:6      | Found a runed translucent door.
  5137 | D:6      | Noticed Kurtz's ghost (novice NaDe)
  5546 | D:7      | XOM: destruction
  5548 | D:7      | Reached XP level 9. HP: 45/45 MP: 10/10
  5550 | D:7      | XOM: butterfly on damage
  5562 | D:7      | XOM: cast spell 'Alistair's Intoxication'
  5563 | D:7      | XOM: scenery: 2 doors open, 1 doors close
  5726 | D:7      | XOM: enchant monster (good)
  6137 | D:7      | XOM: 6-stop teleportation journey
  6171 | D:7      | Reached skill level 8 in Dodging
  6246 | D:7      | XOM: cleaving
  6464 | D:7      | XOM: give mutations
  6464 | D:7      | Gained mutation: You are very robust. (+20% HP) [Xom's
                  | grace]
  6464 | D:7      | Gained mutation: You have a pair of horns on your head.
                  | [Xom's grace]
  6497 | D:7      | XOM: 8-stop teleportation journey
  6670 | D:7      | Reached skill level 10 in Shapeshifting
  6670 | D:7      | Reached XP level 10. HP: 55/55 MP: 11/11
  6709 | D:8      | XOM: stealth player
  6745 | D:8      | XOM: smoke on damage
  6999 | D:8      | Noticed Joseph
  7007 | D:8      | Killed Joseph
  7120 | D:8      | XOM: give mutations
  7120 | D:8      | Lost mutation: You are somewhat resistant to further
                  | mutation. [Xom's grace]
  7120 | D:8      | Gained mutation: You have hidden genetic potential. [Xom's
                  | grace]
  7120 | D:8      | Gained mutation: You are mostly covered in iridescent
                  | scales. (AC +4) [Xom's grace]
  7120 | D:8      | Gained mutation: You have a pair of large horns on your
                  | head. [Xom's grace]
  7158 | D:8      | Found a basalt altar of Yredelemnul.
  7284 | D:8      | XOM: draining
  7349 | D:9      | Noticed Psyche
  7353 | D:9      | XOM: cast spell 'Summon Horrible Things'
  7360 | D:9      | Killed Psyche
  7589 | D:9      | XOM: cast spell 'Death Channel'
  7897 | D:9      | Reached XP level 11. HP: 60/60 MP: 12/12
  7925 | D:9      | Found a staircase to the Orcish Mines.
  8144 | D:9      | Found a bloodstained altar of Trog.
  8155 | D:9      | XOM: cleaving
  8167 | D:9      | XOM: scenery: create altars
  8216 | D:10     | Entered Level 10 of the Dungeon
  8305 | D:10     | XOM: cloud trail
  8399 | D:10     | XOM: noise
  8484 | D:10     | Reached skill level 9 in Dodging
  8504 | D:10     | XOM: divination: magic mapping
  8861 | D:10     | XOM: scenery: summon butterflies
  9223 | D:9      | XOM: divination: detect items
  9362 | Temple   | Entered the Ecumenical Temple
  9515 | Orc:1    | Entered Level 1 of the Orcish Mines
  9524 | D:9      | XOM: give mutations
  9524 | D:9      | Gained mutation: You are completely covered in iridescent
                  | scales. (AC +6) [Xom's grace]
  9524 | D:9      | Gained mutation: Your flesh is heat resistant. (rF+) [Xom's
                  | grace]
  9571 | D:11     | Noticed a deep elf pyromancer
  9575 | D:11     | XOM: cleaving
  9579 | D:11     | Killed a deep elf pyromancer
  9593 | D:11     | Noticed an ogre mage
  9594 | D:11     | Noticed a deep elf archer
  9596 | D:11     | Found a runed translucent door.
  9597 | D:11     | Noticed a tengu warrior
  9611 | D:11     | Reached skill level 10 in Unarmed Combat
  9627 | D:11     | Noticed a boulder beetle
  9638 | D:11     | XOM: scenery: create altars
  9642 | D:11     | XOM: swap monsters
  9643 | D:11     | Killed a boulder beetle
  9678 | D:11     | XOM: blink monster(s)
  9694 | D:11     | XOM: blink monster(s)
  9696 | D:11     | XOM: enchant monster (bad)
  9709 | D:10     | Gained mutation: You are agile. (Dex +4, Str/Int -1)
                  | [hidden potential]
  9795 | D:11     | Noticed a skeletal warrior
  9798 | D:11     | Noticed a skeletal warrior
  9798 | D:11     | Noticed a skeletal warrior
  9798 | D:11     | Noticed a skeletal warrior
  9912 | D:11     | XOM: cast spell 'Summon Small Mammal'
  9917 | D:11     | XOM: noise
  9920 | D:11     | XOM: polymorph yak -> unseen horror
  9922 | D:11     | XOM: destruction
  9928 | D:11     | XOM: scenery: 1 doors open
  9930 | D:11     | XOM: enchant monster (good)
  9956 | D:11     | Reached skill level 10 in Stealth
  9968 | D:11     | XOM: divination: detect creatures
  9988 | D:11     | XOM: god gift: scroll of vulnerability
  9990 | D:11     | Reached skill level 10 in Dodging
 10181 | D:11     | Found a staircase to the Lair.
 10183 | D:11     | XOM: blink monster(s)
 10184 | D:11     | XOM: confuse monster(s)
 10203 | D:11     | XOM: enchant monster (bad)
 10217 | D:11     | XOM: snakes to sticks
 10244 | D:11     | XOM: scenery: create altars
 10286 | D:11     | Found a runed translucent gate.
 10287 | D:11     | Found a runed translucent gate.
 10288 | D:11     | Found a runed translucent gate.
 10290 | D:11     | Noticed pokeman's ghost (journeyman DEHW)
 10341 | D:11     | XOM: god gift: 29 gold pieces
 10342 | D:11     | XOM: divine lightning
 10356 | D:11     | XOM: enchant monster (bad)
 10414 | D:11     | Noticed a hell knight
 10468 | D:11     | XOM: divination: detect creatures
 10481 | D:11     | XOM: enchant monster (good)
 10484 | D:11     | XOM: summons 6 friendly demons
 10677 | D:12     | Noticed a two-headed ogre
 10681 | D:12     | Killed a two-headed ogre
 10885 | D:12     | Noticed a deep elf pyromancer
 10892 | D:12     | Killed a deep elf pyromancer
 10911 | D:12     | XOM: confuse monster(s)
 10921 | D:12     | Noticed an orc warlord
 10933 | D:12     | XOM: confuse monster(s)
 10953 | D:12     | Found an iron altar of Okawaru.
 10959 | D:12     | Noticed Nergalle
 10966 | D:12     | Killed Nergalle
 10967 | D:12     | Gained mutation: Your thick and shaggy fur keeps you warm.
                  | (AC +3, rC+) [Felid growth]
 10967 | D:12     | Reached XP level 12. HP: 66/66 MP: 13/13
 11034 | D:12     | Found Tabrimpo's Weapon Shop.
 11095 | D:12     | XOM: cleaving
 11097 | D:12     | XOM: enchant monster (good)
 11522 | D:12     | Killed an orc warlord
 11672 | D:12     | Noticed a boulder beetle
 11678 | D:12     | XOM: divination: detect creatures
 11685 | D:12     | a boulder beetle changed into a great orb of eyes
 11685 | D:12     | Noticed a great orb of eyes
 11685 | D:12     | XOM: polymorph boulder beetle -> great orb of eyes
 11696 | D:12     | Killed a great orb of eyes
 11696 | D:12     | XOM: fog
 11697 | D:12     | Reached skill level 11 in Dodging
 11714 | D:12     | XOM: summons 5 friendly demons
 11720 | D:12     | Gained mutation: Your flesh is cold resistant. (rC+)
                  | [hidden potential]
 11720 | D:12     | Lost mutation: You have hidden genetic potential. [hidden
                  | potential expressed]
 11774 | D:12     | XOM: cloud trail
 11825 | D:12     | Noticed an orc high priest
 11834 | D:12     | XOM: cast spell 'Chain of Chaos'
 11841 | D:12     | XOM: summons 6 friendly demons
 11869 | D:12     | XOM: confuse monster(s)
 11878 | D:12     | Killed an orc high priest
 11955 | D:12     | XOM: god gift: wand of digging (8)
 12153 | D:12     | XOM: blink monster(s)
 12173 | D:12     | XOM: chaos cloud
 12630 | D:12     | XOM: give mutations
 12630 | D:12     | Lost mutation: You have a pair of large horns on your head.
                  | [Xom's mischief]
 12630 | D:12     | Lost mutation: You are agile. (Dex +4, Str/Int -1) [Xom's
                  | mischief]
 12630 | D:12     | Lost mutation: You are completely covered in iridescent
                  | scales. (AC +6) [Xom's mischief]
 12630 | D:12     | Gained mutation: Your magical capacity is low. (-10% MP)
                  | [Xom's mischief]
 12684 | D:12     | Found an iron altar of Okawaru.
 12704 | D:12     | Found Tabrimpo's Weapon Shop.
 13319 | D:11     | XOM: blink monster(s)
 13435 | D:12     | XOM: noise
 13483 | Lair:1   | Entered Level 1 of the Lair of Beasts
 13762 | Lair:1   | XOM: noise
 13782 | Lair:1   | Identified the +5 ring mail of Levity {rElec Dex+3}
 13805 | Lair:1   | Noticed a death yak
 13805 | Lair:1   | XOM: 1-stop teleportation journey
 13808 | Lair:1   | Noticed a catoblepas
 13815 | Lair:1   | XOM: enchant monster (bad)
 14274 | Lair:1   | XOM: potion effect (invisibility)
 14282 | Lair:1   | Killed a catoblepas
 14366 | Lair:1   | XOM: divination: magic mapping
 14489 | Lair:1   | XOM: 2-stop teleportation journey
 14577 | Lair:1   | XOM: scenery: create altars
 14590 | Lair:1   | XOM: swap monsters
 14597 | Lair:1   | XOM: draining
 14632 | Lair:1   | Noticed a death yak
 14632 | Lair:1   | XOM: 4-stop teleportation journey
 14847 | Lair:1   | a death yak changed into a formless jellyfish
 14847 | Lair:1   | Noticed a formless jellyfish
 14847 | Lair:1   | XOM: polymorph death yak -> formless jellyfish
 14864 | Lair:1   | XOM: swap monsters
 14865 | Lair:1   | Paralysed by a formless jellyfish for 1 turns
 14873 | Lair:1   | Killed a formless jellyfish
 14974 | Lair:1   | XOM: fog
 15030 | Lair:1   | Killed a death yak
 15031 | Lair:1   | Reached skill level 12 in Dodging
 15040 | Lair:1   | XOM: silly message
 15046 | Lair:1   | Reached XP level 13. HP: 48/72 MP: 12/12
 15233 | Lair:1   | XOM: polymorph polar bear -> jumping spider
 15244 | Lair:1   | Slain by a death yak simulacrum
 15365 | Lair:1   | XOM: summons 1 hostile demon
 15428 | Lair:1   | XOM: confusion (+ monsters)
 15458 | Lair:1   | XOM: draining
 15668 | Lair:2   | XOM: blink monster(s)
 15726 | Lair:2   | XOM: noise
 15924 | Lair:2   | XOM: give mutations
 15924 | Lair:2   | Lost mutation: You are highly strong-willed. (Will++)
                  | [Xom's mischief]
 15924 | Lair:2   | Lost mutation: You are strong-willed. (Will+) [Xom's
                  | mischief]
 15924 | Lair:2   | Lost mutation: Your flesh is heat resistant. (rF+) [Xom's
                  | mischief]
 15926 | Lair:2   | XOM: butterfly on damage
 15958 | Lair:2   | XOM: summons 3 hostile demons
 15964 | Lair:2   | XOM: confusion (+ monsters)
 15969 | Lair:2   | XOM: 9-stop teleportation journey
 15993 | Lair:2   | XOM: summons 7 hostile demons
 16278 | Lair:2   | Found a staircase to the Snake Pit.
 16538 | Lair:3   | Found a staircase to the Shoals.
 16567 | Lair:3   | Noticed Urug
 16573 | Lair:3   | XOM: 5-stop teleportation journey
 16597 | Lair:3   | Noticed Nessos
 16608 | Lair:3   | Killed Nessos
 16858 | Lair:3   | XOM: 4-stop teleportation journey
 16971 | Lair:2   | XOM: scenery: summon butterflies
 17197 | Lair:3   | Reached skill level 10 in Fighting
 17345 | Lair:3   | XOM: give mutation
 17345 | Lair:3   | Gained mutation: Your spells are a little harder to cast,
                  | but a little more powerful. [Xom's grace]
 17400 | Lair:3   | XOM: enchant monster (good)
 17401 | Lair:3   | XOM: summons 2 friendly demons
 17425 | Lair:3   | XOM: cast spell 'Leda's Liquefaction'
 17440 | Lair:3   | XOM: chaos cloud
 17789 | Lair:3   | XOM: destruction
 17814 | Lair:3   | Killed Urug
 18413 | Lair:4   | XOM: stat loss: -1 Int (21/22)
 18445 | Lair:4   | Reached skill level 13 in Dodging
 18800 | Lair:4   | XOM: butterfly on damage
 18810 | Lair:4   | Mangled by a death yak
 18823 | Lair:4   | XOM: fog
 18839 | Lair:4   | XOM: chaos cloud
 18927 | Lair:5   | Entered Level 5 of the Lair of Beasts
 19112 | Lair:5   | Found a viscous altar of Jiyva.
 19113 | Lair:5   | Found a staircase to the Slime Pits.
 19120 | Lair:5   | Fell from the grace of Xom
 19120 | Lair:5   | Became a worshipper of Jiyva Juvadax the Shapeless
 19209 | Lair:5   | XOM: enchant monster (bad)
 19933 | Orc:2    | Entered Level 2 of the Orcish Mines
 20374 | D:11     | Reached * piety under Jiyva
 20541 | D:10     | Reached XP level 14. HP: 69/79 MP: 13/13
 20874 | D:11     | Identified the +4 chain mail of the Curupira {Harm Rampage
                  | Int-5 Slay+5}
 20884 | D:11     | Identified the staff "Widime" {rElec Dex+3 Air}
 20885 | D:11     | Identified the quicksilver dragon scales of Quiet Fog
                  | {rElec Will+}
 20890 | D:11     | Identified the +1 scale mail "Wugaj" {Int+3}
 21145 | D:11     | Found a shimmering altar of Xom.
 21214 | D:11     | Found a shimmering altar of Xom.
 21219 | D:11     | Found a shimmering altar of Xom.
 21261 | D:11     | Found a staircase to the Lair.
 22195 | Lair:4   | XOM: polymorph jelly -> river rat
 23014 | Lair:5   | XOM: summons 14 hostile demons
 23102 | Lair:5   | XOM: 1-stop teleportation journey
 23435 | Lair:5   | Found a corrupted altar of Lugonu.
 23550 | Lair:5   | XOM: confusion
 23941 | Lair:5   | XOM: give mutations
 23941 | Lair:5   | Gained mutation: Your magical capacity is very low. (-20%
                  | MP) [Xom's mischief]
 23941 | Lair:5   | Lost mutation: You have a pair of horns on your head.
                  | [Xom's mischief]
 23941 | Lair:5   | Lost mutation: You are resistant to electric shocks.
                  | (rElec) [Xom's mischief]
 24044 | Lair:5   | XOM: summons 2 hostile demons
 24415 | Orc:2    | Reached skill level 15 in Shapeshifting
 24467 | Orc:2    | Found Nieppar's Book Emporium.
 24483 | Orc:2    | Reached XP level 15. HP: 84/84 MP: 13/13
 24510 | Orc:2    | Found Jarag's Antique Weapon Boutique.
 24515 | Orc:2    | Found Uckofr Nida's Armour Shoppe.
 24516 | Orc:2    | Found Yheosio's Antique Armour Emporium.
 24521 | Orc:2    | Reached ** piety under Jiyva
 24521 | Orc:2    | Noticed Erolcha
 24536 | Orc:2    | Killed Erolcha
 24696 | Orc:2    | XOM: god gift: book of Fire
 24727 | Orc:2    | Found a staircase to the Elven Halls.
 24767 | Orc:2    | XOM: give mutations
 24767 | Orc:2    | Gained mutation: You have a pair of horns on your head.
                  | [Xom's mischief]
 24767 | Orc:2    | Lost mutation: You are very robust. (+20% HP) [Xom's
                  | mischief]
 24767 | Orc:2    | Gained mutation: You are somewhat resistant to further
                  | mutation. [Xom's mischief]
 24767 | Orc:2    | Lost mutation: You are somewhat resistant to further
                  | mutation. [Xom's mischief]
 24873 | Orc:2    | XOM: noise
 25065 | Orc:1    | XOM: polymorph jelly -> river rat
 25237 | D:13     | Reached *** piety under Jiyva
 25336 | D:13     | XOM: noise
 25583 | D:13     | Noticed Azrael
 25610 | D:13     | Killed Azrael
 25702 | D:13     | Lost mutation: You have a pair of horns on your head.
                  | [Jiyva's grace]
 25702 | D:13     | Lost mutation: You are mostly covered in iridescent scales.
                  | (AC +4) [Jiyva's grace]
 25702 | D:13     | Lost mutation: Your magical capacity is very low. (-20% MP)
                  | [Jiyva's grace]
 25702 | D:13     | Lost mutation: Your magical capacity is low. (-10% MP)
                  | [Jiyva's grace]
 25702 | D:13     | Gained mutation: Your mind is very acute. (Int +8, Str/Dex
                  | -2) [Jiyva's grace]
 25702 | D:13     | Gained mutation: You are covered in slimy tendrils that may
                  | disarm your opponents. [Jiyva's grace]
 25702 | D:13     | Gained mutation: You have a pair of horns on your head.
                  | [Jiyva's grace]
 25702 | D:13     | Gained mutation: You have a pair of large horns on your
                  | head. [Jiyva's grace]
 25822 | D:14     | Reached **** piety under Jiyva
 25836 | D:14     | Noticed Snorg
 25849 | D:14     | Noticed Lodul
 25874 | D:14     | Killed Snorg
 25875 | D:14     | Reached skill level 15 in Unarmed Combat
 25884 | D:14     | Killed Lodul
 25962 | D:14     | Reached skill level 14 in Dodging
 25981 | D:14     | XOM: silly message
 26080 | D:14     | Reached skill level 15 in Stealth
 26164 | D:14     | XOM: polymorph jelly -> hound
 26359 | D:14     | Found a gate to the Vaults.
 26434 | D:15     | XOM: noise
 26434 | D:15     | Entered Level 15 of the Dungeon
 26568 | D:15     | XOM: cloud trail
 26583 | D:15     | Was placed under penance by Jiyva
 26802 | D:15     | Gained mutation: Your magical capacity is low. (-10% MP)
                  | [the all-consuming vengeance of Jiyva]
 26802 | D:15     | Gained mutation: You have hidden genetic defects. [the
                  | all-consuming vengeance of Jiyva]
 26802 | D:15     | Was forgiven by Jiyva
 26886 | D:15     | Found a staircase to the Depths.
 26956 | D:15     | XOM: noise
 26990 | D:15     | XOM: noise
 27062 | D:15     | XOM: noise
 27167 | D:15     | XOM: noise
 27167 | D:15     | Was forgiven by Xom
 27699 | Snake:1  | Entered Level 1 of the Snake Pit
 27743 | Snake:1  | Learned a level 2 spell: Passwall
 27748 | Snake:1  | Learned a level 4 spell: Manifold Assault
 27915 | Orc:2    | Bought a book of Lightning for 504 gold pieces
 27921 | Orc:2    | Learned a level 4 spell: Vhi's Electric Charge
 28105 | D:3      | Killed Dordric's ghost
 28137 | D:3      | Learned a level 2 spell: Blink
 28485 | Snake:1  | Lost mutation: You have a pair of large horns on your head.
                  | [Jiyva's grace]
 28485 | Snake:1  | Lost mutation: You have a pair of horns on your head.
                  | [Jiyva's grace]
 28485 | Snake:1  | Lost mutation: You are partially covered in iridescent
                  | scales. (AC +2) [Jiyva's grace]
 28485 | Snake:1  | Lost mutation: Your mind is very acute. (Int +8, Str/Dex
                  | -2) [Jiyva's grace]
 28485 | Snake:1  | Lost mutation: Your magical capacity is low. (-10% MP)
                  | [Jiyva's grace]
 28485 | Snake:1  | Lost mutation: You have hidden genetic defects. [Jiyva's
                  | grace]
 28485 | Snake:1  | Gained mutation: You are agile. (Dex +4, Str/Int -1)
                  | [Jiyva's grace]
 28485 | Snake:1  | Gained mutation: You are very agile. (Dex +8, Str/Int -2)
                  | [Jiyva's grace]
 28485 | Snake:1  | Gained mutation: Your body has grown eyes which may confuse
                  | attackers. (Acc +3) [Jiyva's grace]
 28485 | Snake:1  | Gained mutation: Your body has grown many eyes which may
                  | confuse attackers. (Acc +5) [Jiyva's grace]
 28893 | Snake:1  | Reached ***** piety under Jiyva
 29117 | Snake:2  | Noticed Jorgrun
 29119 | Snake:2  | Noticed Aizul
 29127 | Snake:2  | Reached XP level 16. HP: 83/83 MP: 17/17
 29143 | Snake:2  | Killed Aizul
 29147 | Snake:2  | Killed Jorgrun
 29148 | Snake:2  | Reached skill level 15 in Dodging
 29707 | Snake:3  | Noticed Bai Suzhen
 29757 | Snake:3  | Noticed Agnes
 29769 | Snake:2  | Slimified Bai Suzhen
 29769 | Snake:2  | Bai Suzhen changed into Bai Suzhen the slime creature
 29769 | Snake:2  | Noticed Bai Suzhen
 29800 | Snake:3  | Killed Agnes
 29844 | Snake:3  | Reached skill level 16 in Dodging
 30411 | Snake:4  | Entered Level 4 of the Snake Pit
 30505 | Snake:4  | Noticed a quicksilver dragon
 30518 | Snake:4  | Killed a quicksilver dragon
 30519 | Snake:4  | Reached skill level 15 in Fighting
 30559 | Snake:4  | Got a serpentine rune of Zot
 30683 | Snake:4  | Reached XP level 17. HP: 93/93 MP: 18/18
 30684 | Snake:4  | Lost mutation: You are robust. (+10% HP) [Jiyva's grace]
 30684 | Snake:4  | Gained mutation: Your translucent skin slightly reduces
                  | your foes' accuracy. (Stealth+) [Jiyva's grace]
 30684 | Snake:4  | Gained mutation: Your translucent skin reduces your foes'
                  | accuracy. (Stealth+) [Jiyva's grace]
 30684 | Snake:4  | Gained mutation: Your transparent skin significantly
                  | reduces your foes' accuracy. (Stealth+) [Jiyva's grace]
 30684 | Snake:4  | Gained mutation: Your rubbery body absorbs attacks. (AC +1,
                  | EV +1) [Jiyva's grace]
 30888 | Snake:4  | Reached skill level 1 in Translocations
 30903 | Snake:4  | Reached skill level 1 in Spellcasting
 31042 | Snake:4  | Reached skill level 1 in Evocations
 31294 | Shoals:1 | Entered Level 1 of the Shoals
 31418 | Shoals:1 | Found Qoovej's Antique Weapon Boutique.
 31526 | Shoals:1 | Reached skill level 5 in Translocations
 31733 | Shoals:1 | Got a glossy book
 32159 | Shoals:2 | Reached skill level 5 in Evocations
 32174 | Shoals:2 | Noticed Ilsuiw
 32211 | Shoals:2 | Reached skill level 5 in Spellcasting
 32298 | Shoals:2 | Killed Ilsuiw
 32307 | Shoals:2 | Reached ****** piety under Jiyva
 32321 | Shoals:2 | Lost mutation: You are very agile. (Dex +8, Str/Int -2)
                  | [Jiyva's grace]
 32321 | Shoals:2 | Lost mutation: Your rubbery body absorbs attacks. (AC +1,
                  | EV +1) [Jiyva's grace]
 32321 | Shoals:2 | Lost mutation: Your transparent skin significantly reduces
                  | your foes' accuracy. (Stealth+) [Jiyva's grace]
 32321 | Shoals:2 | Gained mutation: You are robust. (+10% HP) [Jiyva's grace]
 32321 | Shoals:2 | Gained mutation: You are very robust. (+20% HP) [Jiyva's
                  | grace]
 32321 | Shoals:2 | Gained mutation: You are extremely robust. (+30% HP)
                  | [Jiyva's grace]
 32321 | Shoals:2 | Gained mutation: You expend magic power (3 MP) to
                  | strengthen your wands. [Jiyva's grace]
 32386 | Shoals:2 | Noticed Polyphemus
 32399 | Shoals:2 | Killed Polyphemus
 32601 | Shoals:3 | Found Saqouq's Distillery.
 32636 | Shoals:4 | Entered Level 4 of the Shoals
 32643 | Shoals:4 | Identified the ring of Ishann {*Slow Fly rCorr Str+6 SInv}
 32703 | Shoals:4 | Identified the +4 trident "Wusetulod" {drain, rPois rN+}
 32722 | Shoals:4 | Noticed Mara
 32730 | Shoals:4 | Noticed xbox's illusion
 33756 | Shoals:3 | Reached XP level 18. HP: 117/117 MP: 28/28
 34051 | Shoals:3 | Got a glistering book
 34170 | Shoals:3 | Learned a level 6 spell: Dispersal
 34593 | Shoals:4 | Noticed xbox's illusion
 34607 | Shoals:4 | Killed Mara
 34687 | Shoals:4 | Found Etelig's Book Emporium.
 34732 | Shoals:4 | Got a barnacled rune of Zot
 34792 | Shoals:4 | Lost mutation: You have a pair of small horns on your head.
                  | [Jiyva's grace]
 34792 | Shoals:4 | Lost mutation: Your translucent skin reduces your foes'
                  | accuracy. (Stealth+) [Jiyva's grace]
 34792 | Shoals:4 | Gained mutation: Your rubbery body absorbs attacks. (AC +1,
                  | EV +1) [Jiyva's grace]
 34792 | Shoals:4 | Gained mutation: Your pliable body absorbs attacks. (AC +2,
                  | EV +2) [Jiyva's grace]
 34792 | Shoals:4 | Gained mutation: Your gelatinous body deflects attacks. (AC
                  | +3, EV +3) [Jiyva's grace]
 34792 | Shoals:4 | Gained mutation: You have a pair of small antennae on your
                  | head. [Jiyva's grace]
 35068 | Shoals:4 | Found a runed translucent gate.
 35068 | Shoals:4 | Found a runed translucent gate.
 35073 | Shoals:4 | Noticed Pooter's ghost (adept MiBe)
 35075 | Shoals:4 | Found a runed translucent gate.
 35659 | Vaults:1 | Entered Level 1 of the Vaults
 35803 | Slime:1  | Entered Level 1 of the Pits of Slime
 35824 | Slime:5  | Entered Level 5 of the Pits of Slime
 35897 | Slime:5  | Noticed the Royal Jelly
 35901 | Slime:5  | Found a viscous altar of Jiyva.
 35911 | Slime:5  | Got a moldy book
 35918 | Slime:5  | Identified the ring "Loobuy" {Wiz Int+2 Dex+4}
 35921 | Slime:5  | Identified the ring "Girr" {Drain +Blink MP+9 Str+6 Int-4}
 35923 | Slime:5  | Identified the +1 dagger of Trog's Grace {heavy, Dex+3}
 35932 | Slime:5  | Got a slimy rune of Zot
 36404 | Vaults:1 | Found Usmes's Magic Scroll Boutique.
 36416 | Vaults:1 | Reached skill level 17 in Dodging
 36449 | Vaults:1 | Found a portal to a secret trove of treasure.
 36550 | Vaults:1 | Noticed Saint Roka
 36644 | Vaults:1 | Killed Saint Roka
 36663 | Vaults:1 | Reached XP level 19. HP: 55/123 MP: 31/31
 37739 | Vaults:2 | Found Sistroz's Armour Emporium.
 37832 | Vaults:2 | Lost mutation: Your body has grown many eyes which may
                  | confuse attackers. (Acc +5) [Jiyva's grace]
 37832 | Vaults:2 | Lost mutation: Your translucent skin slightly reduces your
                  | foes' accuracy. (Stealth+) [Jiyva's grace]
 37832 | Vaults:2 | Lost mutation: You are covered in slimy tendrils that may
                  | disarm your opponents. [Jiyva's grace]
 37832 | Vaults:2 | Gained mutation: You have a small jelly attached to you
                  | that senses nearby items. [Jiyva's grace]
 37832 | Vaults:2 | Gained mutation: Your body has grown many eyes which may
                  | confuse attackers. (Acc +5) [Jiyva's grace]
 37832 | Vaults:2 | Gained mutation: Your body is covered in eyes which may
                  | confuse attackers. (Acc +7, SInv) [Jiyva's grace]
 37832 | Vaults:2 | Gained mutation: You have a small jelly attached to you
                  | that may absorb projectiles. [Jiyva's grace]
 37985 | Vaults:2 | Reached skill level 18 in Dodging
 38055 | Vaults:2 | Reached skill level 10 in Translocations
 38458 | Vaults:2 | Found a staircase to the Crypt.
 39123 | Vaults:3 | HP: 8/161 [centaur warrior/arrow (5)]
 39124 | Vaults:3 | Mangled by a vault warden
 39286 | Vaults:3 | Lost mutation: You are agile. (Dex +4, Str/Int -1) [Jiyva's
                  | grace]
 39286 | Vaults:3 | Lost mutation: Your mind is acute. (Int +4, Str/Dex -1)
                  | [Jiyva's grace]
 39286 | Vaults:3 | Lost mutation: Your flesh is cold resistant. (rC+) [Jiyva's
                  | grace]
 39286 | Vaults:3 | Lost mutation: You are extremely robust. (+30% HP) [Jiyva's
                  | grace]
 39286 | Vaults:3 | Lost mutation: Your body is covered in eyes which may
                  | confuse attackers. (Acc +7, SInv) [Jiyva's grace]
 39286 | Vaults:3 | Lost mutation: You have a small jelly attached to you that
                  | senses nearby items. [Jiyva's grace]
 39286 | Vaults:3 | Lost mutation: You have a small jelly attached to you that
                  | may absorb projectiles. [Jiyva's grace]
 39286 | Vaults:3 | Gained mutation: You are agile. (Dex +4, Str/Int -1)
                  | [Jiyva's grace]
 39286 | Vaults:3 | Gained mutation: You are very agile. (Dex +8, Str/Int -2)
                  | [Jiyva's grace]
 39286 | Vaults:3 | Gained mutation: Your mind is acute. (Int +4, Str/Dex -1)
                  | [Jiyva's grace]
 39286 | Vaults:3 | Gained mutation: Your mind is very acute. (Int +8, Str/Dex
                  | -2) [Jiyva's grace]
 39308 | Vaults:3 | Reached skill level 19 in Dodging
 39365 | Vaults:3 | Reached XP level 20. HP: 120/120 MP: 33/33
 39554 | Vaults:3 | Found a runed translucent door.
 39862 | Vaults:3 | Got an inconspicuous book
 40013 | Vaults:4 | Noticed Sojobo
 40031 | Vaults:4 | HP: 1/156 [Sojobo/+2 great sword of electrocution (8)]
 40033 | Vaults:4 | Annihilated by Sojobo
 40041 | Vaults:4 | Noticed Jory
 40053 | Vaults:4 | Killed from afar by Jory
 40229 | Vaults:4 | Noticed Boris
 40233 | Vaults:4 | Noticed Donald
 40248 | Vaults:4 | HP: 3/156 [ironbound frostheart/creeping frost (20)]
 40248 | Vaults:4 | Killed from afar by Boris

Illustrated notes

Levels and vault maps discovered:
D:1:      dpeg_arrival_water_temple_mockup, layout_basic, serial_bayou_pond_a,
          minivault_11, minmay_liquid_box
D:2:      layout_rooms
D:3:      layout_basic, gammafunk_ghost_abyssal_escape
D:4:      layout_loops_cross, nemelex_spade_bored_becter,
          minmay_temple_entry_poolview, serial_park_tiny_1, minivault_23,
          supply_closet_lemuel, kennysheep_generic_room_5
D:5:      nicolae_cairo_tiling_large_dashed, layout_loops_ring,
          nicolae_twisty_statue_hallways
D:6:      layout_rooms, nicolae_ru_sacrificial_ziggurat, gammafunk_ghost_grave
D:7:      layout_gridville, eino_jars
D:8:      layout_cave_pools, mainiacjoe_overflow_alcove_1, uniq_joseph
D:9:      layout_basic, tgw_trog, orc_0_dummy, uniq_psyche
D:10:     layout_basic, grunt_ministairs_5, nrook_uturn, hex_intersection
D:11:     layout_cave_pools, minmay_lair_entry_grove,
          gammafunk_ghost_nasty_kobolds, minmay_st_funbox,
          kennysheep_pointless_box, minmay_rotating_lava
D:12:     orc_temple, layout_layer_cave, serial_shops,
          nicolae_shop_back_alley_shop, okawaru_humans, uniq_nergalle
D:13:     layout_roguey [special_room_orc], uniq_azrael
D:14:     layout_rooms, hangedman_vaults_entry_quadrant_bands,
          patterned_corridor, uniq_snorg, uniq_lodul
D:15:     hellmonk_depths_entry_around_the_bend, layout_basic, uniq_louise
Temple:   eino_narrow_crystal_temple
Lair:1:   dreamdust_isle_of_ice, layout_cave_pods, nicolae_lair_lindhole
Lair:2:   layout_misc_corridors, minmay_snake_entry_guardpost_medium,
          grunt_megastairs_5, infiniplex_staircase_pool_2
Lair:3:   layout_small_grid, shoals_dummy_entry, uniq_nessos, uniq_urug
Lair:4:   layout_gridlike, kennysheep_basilisk_garden, lemuel_fruit_tree
Lair:5:   hellmonk_lair_end_abyssal_woods, layout_concentric_octagons,
          slime_entry_1, guppyfry_lair_drakes, grunt_megastairs_4
Shoals:1: layout_shoals, serial_shops, nicolae_shop_just_a_little_nook,
          nicolae_shoals_water_elemental_grotto
Shoals:2: nzn_motion_control, layout_shoals, nicolae_shoals_bring_sunscreen,
          uniq_ilsuiw, uniq_polyphemus
Shoals:3: nicolae_shoals_deep_elves_summer_vacation, layout_shoals,
          serial_shops, nicolae_take_the_stairs,
          nicolae_shoals_spring_well_temple
Shoals:4: shoals_end_hangedman, layout_shoals, shoals_ilsuiw_ice,
          gammafunk_ghost_tricky_traps, serial_shops, shop, uniq_mara
Snake:1:  layout_gridlike, nicolae_integral_box
Snake:2:  layout_misc_corridors, grunt_megastairs_1, uniq_aizul, uniq_jorgrun
Snake:3:  layout_rooms, uniq_bai_suzhen, uniq_agnes
Snake:4:  hellmonk_snake_rune_quicksilver_temple, layout_cave_town
Slime:1:  layout_caves
Slime:2:  layout_caves
Slime:3:  layout_caves, cheibrodos_slime_lost_civilization_4
Slime:4:  layout_caves
Slime:5:  slime_pit
Orc:1:    layout_caves
Orc:2:    st_orc_open, layout_caves, nicolae_volcano_entry_vermiform,
          uniq_erolcha
Vaults:1: nicolae_vaults_hallways_thing, v_misc_4, nicolae_vaults_big_ls,
          dpeg_vaults_monster_box, vaults_dpeg_diagonal, vaults_dpeg_doors,
          grunt_vaults_hallway_short, nicolae_vaults_tangram_2,
          nicolae_vaults_house_1, layout_vaults_omnigrid,
          nicolae_trove_entry_path_of_doom, serial_shops, shop, uniq_saint_roka
Vaults:2: nicolae_vaults_tetromino_T_2, v_misc_26, ontoclasm_vaults_ring_square,
          nicolae_vaults_octothorpe, nicolae_vaults_angled_halls,
          v_alt_pattern_4, nicolae_vaults_specimen_jars,
          minmay_crypt_entry_nasty_monster, ontoclasm_vaults_shuriken,
          nicolae_vaults_six-pack, nicolae_vaults_display_case,
          layout_vaults_chaotic_city, serial_shops, shop
Vaults:3: nicolae_vaults_oozy_zoo, hangedman_vaults_nodes, v_misc_25,
          nicolae_vaults_door_testing_chamber,
          nicolae_vaults_offset_grid_hallway_4, hangedman_vaults_snaps,
          hangedman_vaults_trim, nicolae_vaults_inception_corners,
          nicolae_vaults_tetromino_T_1, nicolae_vaults_yaktaur_gun_rack,
          nicolae_vaults_circle_grid_b, nicolae_vaults_variable_pillar_hall,
          nicolae_vaults_house_2, layout_vaults_maze_snakey
Vaults:4: nicolae_vaults_shipping_containers_1, v_misc_4,
          nicolae_vaults_tangram_2, nicolae_vaults_trapezoid_lopsided_1,
          nicolae_vaults_diamond_1, nicolae_vaults_frosty_reception,
          nicolae_vaults_closet_pinwheel_6, hangedman_vaults_hat,
          nicolae_vaults_sesquioval_fish, nicolae_vaults_shelves_hall,
          nicolae_vaults_sightless_eye, layout_vaults_omnibox, uniq_jory,
          uniq_sojobo, uniq_boris, uniq_donald

Skill      XL: |  1  2  3  4  5  6  7  8  9 10 11 12 13 14 15 16 17 18 19 |
---------------+----------------------------------------------------------+-----
Stealth        | 1 2 3 4 5 7 8 10 12 14 15 16 17 18 | 18.6
Unarmed Combat | 4 5 6 8 9 11 12 14 15 16 17 | 17.4
Dodging        | 4 5 6 7 8 10 12 13 14 16 17 19 | 19.5
Fighting       | 4 5 6 7 8 9 10 11 15 16 17 | 17.4
Shapeshifting  | 10 15 16 17 | 17.3
Translocations | 6 9 10 | 10.0
Spellcasting   | 6 7 8 |  8.9
Evocations     | 6 8 9 |  9.9

Action                     |  1- 3 |  4- 6 |  7- 9 | 10-12 | 13-15 | 16-18 | 19-21 || total
---------------------------+-------+-------+-------+-------+-------+-------+-------++-------
  Melee: Unarmed           |   110 |   105 |   264 |   505 |  1041 |  1185 |   515 ||  3725
         Bite              |    15 |    14 |    24 |    77 |   157 |   176 |    86 ||   549
         Punch             |     3 |     3 |    12 |    48 |    98 |   120 |    90 ||   374
         Headbutt          |       |       |    46 |   138 |   274 |   255 |       ||   713
   Cast: Manifold Assault  |       |       |       |       |       |     4 |       ||     4
         Blink             |       |       |       |       |       |     1 |       ||     1
 Invoke: Slimify           |       |       |       |       |       |     1 |       ||     1
  Evoke: Wand              |       |       |       |     9 |    10 |       |       ||    19
    Use: Potion            |       |       |     6 |     3 |    15 |     4 |     5 ||    33
         Scroll            |       |       |     5 |    21 |     3 |     2 |     2 ||    33
   Stab: Sleeping          |    11 |     7 |     3 |    18 |    40 |    21 |    10 ||   110
         Confused          |       |       |     1 |     4 |     2 |    42 |    28 ||    77
         Paralysed         |       |       |     1 |     2 |       |       |       ||     3
         Distracted        |       |       |       |     3 |     3 |     6 |     2 ||    14
         Invisible         |       |       |       |     7 |       |       |       ||     7
         Petrifying        |       |       |       |       |       |     2 |       ||     2
         Petrified         |       |       |       |       |       |     2 |       ||     2
 Armour: Skin              |    22 |    19 |    76 |   130 |   480 |   628 |   309 ||  1664
  Dodge: Dodged            |    84 |    74 |   395 |   479 |  1945 |  2710 |  1015 ||  6702
   Form: Statue            |       |       |       |       |     1 |       |       ||     1

Table legend: (Time is in decaauts)
 A = Elapsed time spent in this place.
 B = Non-inter-level travel time spent in this place.
 C = Inter-level travel time spent in this place.
 D = Time resting spent in this place.
 E = Time spent auto-exploring this place.
 F = Levels seen in this place.
 G = Mean time per level.
                   A        B        C        D        E       F      G
               +--------+--------+--------+--------+--------+-----+--------+
         Total |  46214 |  40956 |   5258 |    525 |  30619 |  40 | 1155.3 |
       Dungeon |  17933 |  15196 |   2737 |      0 |  12152 |  15 | 1195.5 |
        Temple |      1 |      1 |      0 |      0 |      0 |   1 |    1.0 |
          Lair |   9596 |   8240 |   1356 |    525 |   5927 |   5 | 1919.2 |
        Shoals |   6272 |   5916 |    356 |      0 |   3983 |   4 | 1568.0 |
     Snake Pit |   4250 |   3907 |    343 |      0 |   2857 |   4 | 1062.5 |
    Slime Pits |    626 |    569 |     57 |      0 |    417 |   5 |  125.2 |
  Orcish Mines |   2008 |   1793 |    215 |      0 |   1363 |   2 | 1004.0 |
        Vaults |   5525 |   5334 |    191 |      0 |   3917 |   4 | 1381.2 |
               +--------+--------+--------+--------+--------+-----+--------+

Top non-repeatable levels by time:
    D:12: 2524 daAuts
  Lair:4: 2381 daAuts
  Lair:5: 2078 daAuts
    D:11: 2020 daAuts
  Lair:1: 1937 daAuts
  Lair:3: 1867 daAuts
Vaults:1: 1866 daAuts
Vaults:2: 1815 daAuts
    D:15: 1696 daAuts
Shoals:2: 1671 daAuts
Shoals:1: 1573 daAuts
Shoals:4: 1554 daAuts
     D:9: 1512 daAuts
Shoals:3: 1472 daAuts
  Lair:2: 1331 daAuts
